 Dungeon Crawl Stone Soup version 0.28-a0-381-g937acc2988 (webtiles) character file.

Game seed: 6789632978067074766

24 freelancePsychic the Skirmisher (level 2, -3/26 HPs)
             Began as a Draconian Cinder Acolyte on Sept 1, 2021.
             Was a High Priest of Ignis.
             Engulfed by a cloud of flame (5 damage)
             ... on level 2 of the Dungeon.
             The game lasted 00:02:28 (1858 turns).

freelancePsychic the Skirmisher (DrCA)              Turns: 1858, Time: 00:02:28

Health: -3/26      AC:  4    Str: 17    XL:     2   Next: 79%
Magic:  0/4        EV: 11    Int: 13    God:    Ignis [*****.]
Gold:   127        SH:  0    Dex:  6    Spells: 3/4 levels left

rFire   + . .      SeeInvis .   a - -1 mace (flame)
rCold   . . .      Faith    .   (no shield)
rNeg    . . .      Spirit   .   (armour unavailable)
rPois   .          Reflect  .   (helmet restricted)
rElec   .          Harm     .   (no cloak)
rCorr   .          Rampage  .   (no gloves)
Will    .....                   (no boots)
Stlth   +.........              (no amulet)
HPRegen 0.08/turn               (no ring)
MPRegen 0.09/turn               (no ring)

@: lethally poisoned (-3 -> -7)
A: AC +4, unfitting armour, cold-blooded
a: Renounce Religion, Sea of Fire, Foxfire Swarm, Rising Flame


You were on level 2 of the Dungeon.
You worshipped Ignis.
Ignis was extremely pleased with you.
You visited 1 branch of the dungeon, and saw 2 of its levels.

You collected 127 gold pieces.

Inventory:

Hand Weapons
 a - a -1 mace of flaming (weapon)
Jewellery
 c - a +6 ring of strength
 e - a ring of poison resistance
 h - a +6 ring of strength
Scrolls
 f - a scroll of silence {unknown}
 i - a scroll of holy word {unknown}
Potions
 b - a potion of curing {unknown}
 d - 2 potions of ambrosia {unknown}
 g - 2 potions of flight {unknown}


   Skills:
 - Level 3.3 Fighting
 - Level 3.0 Maces & Flails
 + Level 1.6 Spellcasting
 + Level 1.2 Conjurations
 + Level 1.7 Fire Magic


You had 3 spell levels left.
You knew the following spells:

 Your Spells              Type           Power      Damage    Failure   Level
a - Foxfire               Conj/Fire      16%        2x1d4     14%         1

Your spell library contained the following spells:

 Spells                   Type           Power      Damage    Failure   Level
 Passwall                 Tmut/Erth      0%         N/A       38%         2
 Swiftness                Air            1%         N/A       63%         3
 Invisibility             Hex            0%         N/A       100%        6


Dungeon Overview and Level Annotations

Branches:
Dungeon (2/15)

Altars:
Qazlal


Innate Abilities, Weirdness & Mutations

Your plain brown scales are hard. (AC +4)
You cannot fit into any form of body armour.
You are cold-blooded and may be slowed by cold attacks.


Message History

The gnoll is lightly wounded.
The foxfire hits the gnoll.
The gnoll is moderately wounded.
The gnoll throws a stone.
The stone hits you but does no damage.
Casting: Foxfire (safe; 14% risk of failure)
Confirm with . or Enter, or press ? or * to list all spells.
You conjure some foxfire!
The foxfire hits the gnoll but does no damage.
The gnoll is moderately wounded.
The foxfire hits the gnoll but does no damage.
The gnoll is moderately wounded.
The gnoll misses you.
Casting: Foxfire (safe; 14% risk of failure)
Confirm with . or Enter, or press ? or * to list all spells.
You conjure some foxfire!
The foxfire hits the gnoll.
The gnoll is heavily wounded.
The foxfire hits the gnoll but does no damage.
The gnoll is heavily wounded.
The gnoll barely misses you.
Casting: Foxfire (safe; 14% risk of failure)
Confirm with . or Enter, or press ? or * to list all spells.
You don't have enough magic to cast this spell.
The foxfire hits the gnoll.
The gnoll is heavily wounded.
The foxfire hits the gnoll.
The gnoll is severely wounded.
The gnoll hits you from afar with a +0 spear of venom.
Fires begin to smoulder around you!
The gnoll hits you from afar with a +0 spear of venom.
The gnoll hits you from afar with a +0 spear of venom.
You are poisoned.
The fire ignites! x60
You feel sick.
The gnoll throws a stone.
The stone hits you but does no damage.
You feel sick.
The gnoll throws a stone.
The stone barely misses you.
Really walk into that cloud of flame?
You are engulfed in blazing flames.
You resist.
* * * LOW HITPOINT WARNING * * *
x2 You feel sick.
You are engulfed in blazing flames.
You resist.
You die...

## §#§○§......).. ##§.
§§§§#.........
#§§##☼§§######.....
#○§§§§§§# #.....
#§§§§g§# ###...
#§☼§§§## #####..##
#§§.§§§##......###
#§§§§§§§§§####....
.######@#####§###
#.... .....§§§##..<.#
#.... ###.§§§..>.####
#....
#§###..#.#########....
# #..##..............
...#############....
#.### #.... # #.>..
#....


You could see a gnoll.

Vanquished Creatures
  2 ball pythons
  6 endoplasms
  A giant cockroach (D:2)
  2 goblins (D:1)
  2 hobgoblins (D:1)
  3 kobolds
  A quokka (D:1)
  2 bats (D:2)
  A frilled lizard (D:2)
20 creatures vanquished.

Vanquished Creatures (others)
  37 foxfires
  6 plants (D:1)
43 creatures vanquished.

Grand Total: 63 creatures vanquished

Notes
Turn   | Place    | Note
-------+----------+-------------------------------------------
     0 | D:1      | freelancePsychic the Draconian Cinder Acolyte began the
                  | quest for the Orb.
     0 | D:1      | Reached XP level 1. HP: 19/19 MP: 2/2
   173 | D:1      | Found a faded altar of an unknown god.
   855 | D:1      | Reached XP level 2. HP: 22/26 MP: 3/3
  1131 | D:1      | Reached skill level 1 in Conjurations
  1843 | D:2      | Found a stormy altar of Qazlal.
  1858 | D:2      | Engulfed by a cloud of flame

Illustrated notes

Levels and vault maps discovered:
D:1:      roderic_crop_circles_arrival_small, layout_loops_ring,
          shapermc_ecumenical_altar_gd
D:2:      layout_rooms, basic_altar

Skill      XL: |  1  2 |
---------------+-------+-----
Conjurations   | 1 |  1.2
Fighting       | |  3.3
Maces & Flails | |  3.0
Spellcasting   | |  1.6
Fire Magic     | |  1.7

Action                   || total
-------------------------++-------
Melee: Mace              ||    48
       Tailslap          ||     1
 Cast: Foxfire           ||    21
Invok: Sea of Fire       ||     1
  Use: Scroll            ||     1
Armor: Skin              ||    20
Dodge: Dodged            ||    37

Table legend: (Time is in decaauts)
 A = Elapsed time spent in this place.
 B = Non-inter-level travel time spent in this place.
 C = Inter-level travel time spent in this place.
 D = Time resting spent in this place.
 E = Time spent auto-exploring this place.
 F = Levels seen in this place.
 G = Mean time per level.
                   A        B        C        D        E       F      G
               +--------+--------+--------+--------+--------+-----+--------+
         Total |   1876 |   1731 |    145 |    149 |   1361 |   2 |  938.0 |
       Dungeon |   1876 |   1731 |    145 |    149 |   1361 |   2 |  938.0 |
               +--------+--------+--------+--------+--------+-----+--------+

Top non-repeatable levels by time:
     D:1: 1565 daAuts
     D:2: 311 daAuts
